 Dungeon Sprint DCSS version 0.27.1-1-g398f81649c (webtiles) character file.

Game seed: 14093521597460292630

22 boopmooplesden the Covered (level 2, -1/28 HPs)
             Began as a Minotaur Fighter on Sept 19, 2021.
             Succumbed to a scorpion's poison
             ... in the Dungeon (Sprint III: "The Ten Rune Challenge").
             The game lasted 00:00:37 (94 turns).

boopmooplesden the Covered (Minotaur Fighter)         Turns: 94, Time: 00:00:38

Health: -1/28      AC:  7    Str: 20    XL:     2   Next: 68%
Magic:  1/1        EV:  7    Int:  5    God:
Gold:   0          SH:  9    Dex:  9    Spells: 1/1 levels left

rFire    . . .     SeeInvis .   a - +0 war axe
rCold    . . .     Faith    .   c - +0 kite shield
rNeg     . . .     Spirit   .   b - +0 scale mail
rPois    .         Reflect  .   (helmet restricted)
rElec    .         Harm     .   (no cloak)
rCorr    .         Rampage  .   (no gloves)
Will     .....     NoTele   +   (no boots)
Stlth    ..........             (no amulet)
HPRegen  0.09/turn              (no ring)
MPRegen  0.07/turn              (no ring)

@: lethally poisoned (-1 -> -7)
A: horns 2, retaliatory headbutt
a: no special abilities


You were in the Dungeon.
You visited 1 branch

Inventory:

Hand Weapons
 a - a +0 war axe (weapon)
Missiles
 k - 9 stones (quivered)
Armour
 b - a +0 scale mail (worn)
 c - a +0 kite shield (worn)
Scrolls
 j - a scroll of blinking
Potions
 d - a potion of might
 g - a potion of haste
 h - 2 potions of magic
 i - a potion of berserk rage


   Skills:
 + Level 4.8 Fighting
 + Level 3.2 Axes
 + Level 0.1 Throwing
 + Level 5.2 Armour
 + Level 0.5 Dodging
 + Level 5.0 Shields


You had one spell level left.
You didn't know any spells.
Your spell library was empty.

Dungeon Overview and Level Annotations

Branches:
Dungeon (1/1)

Altars:


Innate Abilities, Weirdness & Mutations

You have a pair of horns on your head.
You reflexively headbutt those who attack you in melee.


Message History

The human hits you.
You slash the human!
You kill the human!
Your Axes skill increases to level 3!
Your Armour skill increases to level 5!
Your Shields skill increases to level 5!
You have reached level 2!
A scorpion comes into view.
You see here a human corpse.
Throw: 10 stones
Press: ? - help, Q - select action Shift-Dir - straight line, f - scorpion
Aim: a scorpion (56% to hit)
You throw a stone.
The stone hits the scorpion but does no damage.
The scorpion stings you!
* * * LOW HITPOINT WARNING * * *
You feel much better. The scorpion stings you.
You are poisoned.
The scorpion poisons you!
You closely miss the scorpion.
You feel very sick. The scorpion stings you.
You are lethally poisoned!
The scorpion poisons you! The scorpion stings you.
You are more poisoned.
The scorpion poisons you!
You feel better. The scorpion stings you.
You hit the scorpion but do no damage.
The scorpion stings you but does no damage.
The scorpion stings you.
You are poisoned.
The scorpion poisons you!
You closely miss the scorpion.
* * * LOW HITPOINT WARNING * * *
You feel very sick.
The scorpion stings you but does no damage.
The scorpion stings you!
* * * LOW HITPOINT WARNING * * *
You hit the scorpion. Your headbutt misses the scorpion.
The scorpion is moderately wounded.
You die...

▓...#......##
▓..##.†.....# .#
▓##.##.##..†# .#
##.##.###..# .(#
▓#.####.##..# ...+
▓.###..##..##
#...# ▓#.....##..#
#....#
###..##...##.....#
##..##....#@s(...#
#..###..##.#.....#
#..# #..#####....#
▓▓▓▓ ▓▓▓▓ ▓▓▓▓▓


You could see a scorpion.

Vanquished Creatures
  A human (D)
  2 endoplasms (D)
  2 rats (D)
5 creatures vanquished.

Notes
Turn   | Place    | Note
-------+----------+-------------------------------------------
     0 | D        | boopmooplesden the Minotaur Fighter began the quest for the
                  | Orb.
     0 | D        | Reached XP level 1. HP: 19/19 MP: 0/0
    87 | D        | Reached skill level 5 in Armour
    87 | D        | Reached skill level 5 in Shields
    87 | D        | Reached XP level 2. HP: 11/28 MP: 1/1
    87 | D        | Noticed a scorpion
    93 | D        | HP: 1/28 [scorpion (7)]
    94 | D        | Succumbed to a scorpion's poison

Illustrated notes

Levels and vault maps discovered:
D:        dungeon_sprint_mu [sprint_mu_entry_cave, sprint_mu_temple_rooms,
          sprint_mu_d1_spiders, sprint_mu_d2_genie, sprint_mu_d3_branching,
          sprint_mu_orc_legion, sprint_mu_elf_gauntlet, sprint_mu_hive_nellie,
          sprint_mu_lair_fedhas, sprint_mu_vaults_butterflies,
          sprint_mu_slime_circle, sprint_mu_shoals_kraken,
          sprint_mu_snake_twists, sprint_mu_blade_basic,
          sprint_mu_crypt_fortress, sprint_mu_tomb_spiral,
          sprint_mu_vestibule_basic, sprint_mu_gehenna_hellfire,
          sprint_mu_dis_giant, sprint_mu_tartarus_statrot,
          sprint_mu_cocytus_islands, sprint_mu_zot1]

Skill      XL: |  1 |
---------------+----+-----
Fighting       | 4 |  4.8
Armour         | 5 |  5.2
Shields        | 5 |  5.0
Axes           | 3 |  3.2
Throwing       | |  0.1
Dodging        | |  0.5

Action                   || total
-------------------------++-------
Melee: War axe           ||    26
       Headbutt          ||     3
Throw: Stone             ||    10
  Use: Potion            ||     2
Armor: Scale mail        ||     7
Dodge: Dodged            ||     8
Block: Kite shield       ||    12
